3AAA
PORT ROYAL DISASTER @ SALT LAKE CITY BUZZ
09/13/2034
 
TOP OF THE 1ST
Port Royal Disaster batting - Pitching for Salt Lake City Buzz : LHP Javier Romero
Pitching: LHP Javier Romero
Batting: RHB Wrangler Haresnape 0-0: Foul Ball, location: 2F
0-1: SINGLE (Line Drive, 7S)
Batting: RHB John Burton 0-0: Foul Ball, location: 2F
0-1: Ball
1-1: Ball
2-1: Foul Ball, location: 2F
2-2: Fly out, F4 (Line Drive, 4)
Batting: RHB Michael Brannon 0-0: Foul Ball, location: 2F
0-1: Called Strike
0-2: Ball
1-2: Foul Ball, location: 2F
1-2: Strikes out swinging
Throwing error on steal attempt, E2
Wrangler Haresnape to third
Batting: SHB Tony Manzanares 0-0: Called Strike
0-1: Called Strike
0-2: Fly out, F3 (Popup, 3SF)
Top of the 1st over - 0 runs, 1 hit, 1 error, 1 left on base; Port Royal 0 - Salt Lake City 0
BOTTOM OF THE 1ST
Salt Lake City Buzz batting - Pitching for Port Royal Disaster : RHP Jim Sison
Pitching: RHP Jim Sison
Batting: LHB Alistair Mix 0-0: Called Strike
0-1: Swinging Strike
0-2: Ball
1-2: Ball
2-2: Ball
3-2: Fly out, F8 (Flyball, 89XD)
Batting: RHB Cooper Lowe 0-0: Ball
1-0: Ball
2-0: Foul Ball, location: 2F
2-1: Ground out 5-3 (Groundball, 56)
Batting: RHB Bill Chaundler 0-0: SINGLE (Groundball, 56D)
Batting: RHB Hui-ying Sun 0-0: Called Strike
0-1: Ball
1-1: Swinging Strike
1-2: Strikes out swinging
Bottom of the 1st over - 0 runs, 1 hit, 0 errors, 1 left on base; Port Royal 0 - Salt Lake City 0
TOP OF THE 2ND
Port Royal Disaster batting - Pitching for Salt Lake City Buzz : LHP Javier Romero
Batting: RHB Anson Darrah 0-0: Ball
1-0: Ball
2-0: Called Strike
2-1: Foul Ball, location: 2F
2-2: Ball
3-2: Base on Balls
Batting: SHB Júlio Morín Jr. 0-0: Ball
1-0: Ball
2-0: Grounds into double play, 5-4-3 (Groundball, 56)
Batting: LHB Ricky Payton 0-0: Called Strike
0-1: Foul Ball, location: 2F
0-2: Ball
1-2: SINGLE (Groundball, 34D)
Batting: RHB Richard Cutshall 0-0: Called Strike
0-1: SINGLE (Groundball, 15S) (infield hit)
Ricky Payton to second
Batting: RHB Steve Bock 0-0: Ball
1-0: Ball
2-0: Fielders Choice at 2nd, 5-4 (Groundball, 5)
Top of the 2nd over - 0 runs, 2 hits, 0 errors, 2 left on base; Port Royal 0 - Salt Lake City 0
BOTTOM OF THE 2ND
Salt Lake City Buzz batting - Pitching for Port Royal Disaster : RHP Jim Sison
Batting: RHB Carlos Muńóz 0-0: Called Strike
0-1: Called Strike
0-2: Ball
1-2: Strikes out looking
Batting: RHB Luo-lang Li 0-0: Foul Ball, location: 2F
0-1: Swinging Strike
0-2: Ball
1-2: Foul Ball, location: 2F
1-2: DOUBLE (Line Drive, 7LM)
Batting: RHB Vicente Cruz 0-0: Called Strike
0-1: Ball
1-1: Fly out, F9 (Flyball, 9S)
Batting: LHB Júlio Madrid 0-0: Ball
1-0: Fly out, F7 (Flyball, 78S)
Bottom of the 2nd over - 0 runs, 1 hit, 0 errors, 1 left on base; Port Royal 0 - Salt Lake City 0
TOP OF THE 3RD
Port Royal Disaster batting - Pitching for Salt Lake City Buzz : LHP Javier Romero
Batting: RHB Wrangler Haresnape 0-0: Ball
1-0: Foul Ball, location: 2F
1-1: Ball
2-1: Fly out, F8 (Flyball, 8LM)
Batting: RHB John Burton 0-0: Called Strike
0-1: Ball
1-1: Ball
2-1: Ball
3-1: Base on Balls
Batting: RHB Michael Brannon 0-0: Grounds into double play, 5-4-3 (Groundball, 56)
Top of the 3rd over - 0 runs, 0 hits, 0 errors, 0 left on base; Port Royal 0 - Salt Lake City 0
BOTTOM OF THE 3RD
Salt Lake City Buzz batting - Pitching for Port Royal Disaster : RHP Jim Sison
Batting: RHB Chan-Wook Park 0-0: Ball
1-0: Fly out, F3 (Popup, 3L)
Batting: LHB Alistair Mix 0-0: DOUBLE (Flyball, 78D)
Batting: RHB Cooper Lowe 0-0: Ball
1-0: Ball
2-0: Called Strike
2-1: Fly out, F9 (Flyball, 9S)
Batting: RHB Bill Chaundler 0-0: Foul Ball, location: 2F
0-1: Foul Ball, location: 2F
0-2: Ground out 4-3 (Groundball, 4)
Bottom of the 3rd over - 0 runs, 1 hit, 0 errors, 1 left on base; Port Royal 0 - Salt Lake City 0
TOP OF THE 4TH
Port Royal Disaster batting - Pitching for Salt Lake City Buzz : LHP Javier Romero
Batting: SHB Tony Manzanares 0-0: Ball
1-0: Ball
2-0: Foul Ball, location: 2F
2-1: Fly out, F8 (Flyball, 8RXD)
Batting: RHB Anson Darrah 0-0: Ball
1-0: Foul Ball, location: 2F
1-1: Ball
2-1: Foul Ball, location: 2F
2-2: Fly out, F4 (Line Drive, 4M)
Batting: SHB Júlio Morín Jr. 0-0: Foul Ball, location: 2F
0-1: Ground out 3-1 (Groundball, 34S)
Top of the 4th over - 0 runs, 0 hits, 0 errors, 0 left on base; Port Royal 0 - Salt Lake City 0
BOTTOM OF THE 4TH
Salt Lake City Buzz batting - Pitching for Port Royal Disaster : RHP Jim Sison
Batting: RHB Hui-ying Sun 0-0: Called Strike
0-1: Ground out 4-3 (Groundball, 4MS)
Batting: RHB Carlos Muńóz 0-0: Hit by Pitch
Pinch Runner at 1st Fytor Ceia:
Batting: RHB Luo-lang Li 0-0: Called Strike
0-1: Called Strike
0-2: Ball
1-2: Ball
2-2: Fly out, F7 (Flyball, 7LDF)
Batting: RHB Vicente Cruz 0-0: Ball
1-0: Foul Ball, location: 2F
1-1: Ball
2-1: Foul Ball, location: 2F
2-2: Ball
3-2: Fly out, F8 (Flyball, 8RD)
Bottom of the 4th over - 0 runs, 0 hits, 0 errors, 1 left on base; Port Royal 0 - Salt Lake City 0
TOP OF THE 5TH
Port Royal Disaster batting - Pitching for Salt Lake City Buzz : LHP Javier Romero
Now at 3B: Fytor Ceia
Batting: LHB Ricky Payton 0-0: Ball
1-0: Swinging Strike
1-1: Foul Ball, location: 2F
1-2: Fly out, F7 (Flyball, 7LS)
Batting: RHB Richard Cutshall 0-0: Ball
1-0: Ground out 5-3 (Groundball, 56S)
Batting: RHB Steve Bock 0-0: Ground out 1-3 (Groundball, P)
Top of the 5th over - 0 runs, 0 hits, 0 errors, 0 left on base; Port Royal 0 - Salt Lake City 0
BOTTOM OF THE 5TH
Salt Lake City Buzz batting - Pitching for Port Royal Disaster : RHP Jim Sison
Batting: LHB Júlio Madrid 0-0: Ball
1-0: Foul Ball, location: 2F
1-1: Swinging Strike
1-2: Ball
2-2: Ball
3-2: Foul Ball, location: 2F
3-2: Ground out U3 (Groundball, 34)
Batting: RHB Chan-Wook Park 0-0: Swinging Strike
0-1: Fly out, F8 (Flyball, 89D)
Batting: LHB Alistair Mix 0-0: Ball
1-0: Called Strike
1-1: Foul Ball, location: 2F
1-2: Foul Ball, location: 2F
1-2: Ball
2-2: Foul Ball, location: 2F
2-2: Foul Ball, location: 2F
2-2: Ball
3-2: Base on Balls
Batting: RHB Cooper Lowe 0-0: Ball
1-0: Foul Ball, location: 2F
1-1: SINGLE (Line Drive, 8RS)
Alistair Mix to second
Batting: RHB Bill Chaundler 0-0: Ball
1-0: Called Strike
1-1: Ball
2-1: DOUBLE (Flyball, 78XD)
Alistair Mix scores
Cooper Lowe to third
Batting: RHB Hui-ying Sun 0-0: Ball
1-0: Called Strike
1-1: Foul Ball, location: 2F
1-2: Ball
2-2: Ball
3-2: Strikes out swinging
Bottom of the 5th over - 1 run, 2 hits, 0 errors, 2 left on base; Port Royal 0 - Salt Lake City 1
TOP OF THE 6TH
Port Royal Disaster batting - Pitching for Salt Lake City Buzz : LHP Javier Romero
Batting: RHB Wrangler Haresnape 0-0: Ball
1-0: SINGLE (Groundball, 34) (infield hit)
Batting: RHB John Burton 0-0: DOUBLE (Flyball, 89XD)
Wrangler Haresnape to third
Batting: RHB Michael Brannon 0-0: Ball
1-0: Fly out, F7 (Flyball, 7D)
Runner from 3rd tags up, SCORES, throw made
Batting: SHB Tony Manzanares 0-0: Foul Ball, location: 2F
0-1: Called Strike
0-2: Ball
1-2: Strikes out looking
Batting: RHB Anson Darrah 0-0: Ball
1-0: Ball
2-0: Ball
3-0: Called Strike
3-1: Foul Ball, location: 2F
3-2: Foul Ball, location: 2F
3-2: Base on Balls
Batting: SHB Júlio Morín Jr. 0-0: Called Strike
0-1: Called Strike
0-2: Ball
1-2: Ball
2-2: Ball
3-2: Fly out, F8 (Flyball, 8RM)
Top of the 6th over - 1 run, 2 hits, 0 errors, 2 left on base; Port Royal 1 - Salt Lake City 1
BOTTOM OF THE 6TH
Salt Lake City Buzz batting - Pitching for Port Royal Disaster : RHP Jim Sison
Batting: RHB Fytor Ceia 0-0: Called Strike
0-1: Ground out 5-3 (Groundball, 56)
Batting: RHB Luo-lang Li 0-0: Called Strike
0-1: Ball
1-1: Foul Ball, location: 2F
1-2: Ground out 5-3 (Groundball, 56)
Batting: RHB Vicente Cruz 0-0: Called Strike
0-1: SINGLE (Groundball, 56) (infield hit)
Batting: LHB Júlio Madrid 0-0: Fly out, F8 (Flyball, 78D)
Bottom of the 6th over - 0 runs, 1 hit, 0 errors, 1 left on base; Port Royal 1 - Salt Lake City 1
TOP OF THE 7TH
Port Royal Disaster batting - Pitching for Salt Lake City Buzz : LHP Javier Romero
Pitching: RHP Shotaro Sugahara
Batting: LHB Ricky Payton 0-0: Ball
1-0: Foul Ball, location: 2F
1-1: Swinging Strike
1-2: Ball
2-2: Ball
3-2: Base on Balls
Batting: RHB Richard Cutshall 0-0: Swinging Strike
0-1: Swinging Strike
0-2: Ball
1-2: Strikes out swinging
Batting: RHB Steve Bock 0-0: Called Strike
0-1: Ball
1-1: SINGLE (Groundball, 56D)
Ricky Payton to second
Batting: RHB Wrangler Haresnape 0-0: Foul Ball, location: 2F
0-1: Foul Ball, location: 2F
0-2: Foul Ball, location: 2F
0-2: Ball
1-2: Ball
2-2: Ball
3-2: Ground out 5-3 (Groundball, 5L)
Ricky Payton to third
Steve Bock to second
Batting: RHB John Burton 0-0: Called Strike
0-1: Ground out 6-3 (Groundball, 56)
Top of the 7th over - 0 runs, 1 hit, 0 errors, 2 left on base; Port Royal 1 - Salt Lake City 1
BOTTOM OF THE 7TH
Salt Lake City Buzz batting - Pitching for Port Royal Disaster : RHP Jim Sison
Batting: RHB Chan-Wook Park 0-0: Ball
1-0: Ground out 6-3 (Groundball, 6M)
Batting: LHB Alistair Mix 0-0: Called Strike
0-1: Fly out, F7 (Flyball, 7LS)
Batting: RHB Cooper Lowe 0-0: Ball
1-0: Called Strike
1-1: Ball
2-1: Ball
3-1: Base on Balls
Pitching: LHP Magnus Scheving
Batting: RHB Bill Chaundler 0-0: Fly out, F7 (Flyball, 7S)
Bottom of the 7th over - 0 runs, 0 hits, 0 errors, 1 left on base; Port Royal 1 - Salt Lake City 1
TOP OF THE 8TH
Port Royal Disaster batting - Pitching for Salt Lake City Buzz : RHP Shotaro Sugahara
Batting: RHB Michael Brannon 0-0: Swinging Strike
0-1: Ball
1-1: Swinging Strike
1-2: Fly out, F7 (Flyball, 7S)
Batting: SHB Tony Manzanares 0-0: Called Strike
0-1: Swinging Strike
0-2: Ball
1-2: SINGLE (Groundball, 23) (infield hit)
Batting: RHB Anson Darrah 0-0: Called Strike
0-1: Ball
1-1: Grounds into double play, 6-4-3 (Groundball, 6)
Top of the 8th over - 0 runs, 1 hit, 0 errors, 0 left on base; Port Royal 1 - Salt Lake City 1
BOTTOM OF THE 8TH
Salt Lake City Buzz batting - Pitching for Port Royal Disaster : LHP Magnus Scheving
Batting: RHB Hui-ying Sun 0-0: Ball
1-0: Called Strike
1-1: Ball
2-1: Foul Ball, location: 2F
2-2: SINGLE (Groundball, 34) (infield hit)
Batting: RHB Fytor Ceia 0-0: Foul Ball, location: 2F
0-1: Foul Ball, location: 2F
0-2: Ball
1-2: Foul Ball, location: 2F
1-2: Ball
2-2: SINGLE (Groundball, 34) (infield hit)
Hui-ying Sun to second
Batting: RHB Luo-lang Li 0-0: Ball
1-0: Ball
2-0: Fly out, F6 (Popup, 4M)
Batting: RHB Vicente Cruz 0-0: Ball
1-0: Called Strike
1-1: Ball
2-1: Foul Ball, location: 2F
2-2: Strikes out swinging
Pinch Hitting: RHB Germán Espantoso 0-0: Ball
1-0: Called Strike
1-1: Ball
2-1: Ball
3-1: Base on Balls
Hui-ying Sun to third
Fytor Ceia to second
Batting: RHB Chan-Wook Park 0-0: Ball
1-0: Called Strike
1-1: Foul Ball, location: 2F
1-2: SINGLE (Flyball, 7LS)
Hui-ying Sun scores
Fytor Ceia to third
Germán Espantoso to second
Runner from 3rd tries for Home, throw and OUT!
Bottom of the 8th over - 1 run, 3 hits, 0 errors, 2 left on base; Port Royal 1 - Salt Lake City 2
TOP OF THE 9TH
Port Royal Disaster batting - Pitching for Salt Lake City Buzz : RHP Shotaro Sugahara
Pitching: RHP Gregory Bahena
Now at 1B: Yoichibei Chikafuji
Now at 2B: Jung-hwan Kwon
Now at SS: James Cooper
Batting: SHB Júlio Morín Jr. 0-0: Ball
1-0: Swinging Strike
1-1: Called Strike
1-2: Ground out 2-3 (Groundball, 2L)
Batting: LHB Ricky Payton 0-0: Ball
1-0: Ball
2-0: Ball
3-0: Called Strike
3-1: Base on Balls
Batting: RHB Richard Cutshall 0-0: Called Strike
0-1: SINGLE (Flyball, 9S)
Ricky Payton to second
Runner from 2nd tries for 3rd, SAFE, no throw
Pinch Hitting: LHB Guillermo Arellano 0-0: SINGLE (Flyball, 8LS)
Ricky Payton scores
Richard Cutshall to second
Runner from 2nd tries for 3rd, OUT!
Now at 1B: Kupaalani Bakana
Batting: RHB Wrangler Haresnape 0-0: Ball
1-0: Foul Ball, location: 2F
1-1: Foul Ball, location: 2F
1-2: Foul Ball, location: 2F
1-2: Fielders Choice at 2nd, 5-4 (Groundball, 56)
Top of the 9th over - 1 run, 2 hits, 0 errors, 1 left on base; Port Royal 2 - Salt Lake City 2
BOTTOM OF THE 9TH
Salt Lake City Buzz batting - Pitching for Port Royal Disaster : LHP Magnus Scheving
Pitching: RHP Chenor Njie
Now at SS: José Vázquez
Batting: LHB Alistair Mix 0-0: Ball
1-0: SINGLE (Groundball, 6D)
Batting: RHB Jung-hwan Kwon 0-0: Ball
1-0: SINGLE (Flyball, 9LS)
Alistair Mix to second
Runner from 2nd tries for 3rd, SAFE, no throw
Batting: RHB Yoichibei Chikafuji 0-0: Called Strike
Jung-hwan Kwon steals 2nd base
0-1: Ball
1-1: Ball
2-1: SINGLE (Groundball, 56D)
Alistair Mix scores
Friday, March 29th, 2019 - OOTP Baseball 18.8 Build 76